 Dungeon Crawl Stone Soup version 0.18.1-5-g4a78601 (webtiles) character file.

139 IcyTea the Cudgeler (level 5, -3/32 HPs)
             Began as a Gargoyle Wanderer on May 8, 2016.
             Slain by Sigmund
             ... wielding a +0 scythe
              (6 damage)
             ... on level 3 of the Dungeon on May 9, 2016.
             The game lasted 00:10:33 (2164 turns).

IcyTea the Cudgeler (Gargoyle Wanderer)             Turns: 2164, Time: 00:10:35

Health: -3/32      AC:  9    Str: 17    XL:     5   Next: 22%
Magic:  5/5        EV: 10    Int: 11    God:
Gold:   91         SH:  0    Dex: 10    Spells: 0 memorised, 4 levels left

rFire  . . .     SeeInvis .     i - +0 whip
rCold  . . .     Gourm    .     g - +0 ring mail
rNeg   + . .     Faith    .     (no shield)
rPois  ∞         Spirit   .     (no helmet)
rElec  +         Dismiss  .     (no cloak)
rCorr  .         Reflect  .     (no gloves)
SustAt .         Harm     .     (no boots)
MR     .....                    (no amulet)
Stlth  ..........               (no ring)
                                j - ring of flight

@: confused, not resistant to hostile enchantments, extremely unstealthy
A: negative energy resistance 1, electricity resistance, unbreathing,
petrification resistance, rot immunity, AC +4
a: Evoke Flight


You were on level 3 of the Dungeon.
You were not hungry.

You visited 1 branch of the dungeon, and saw 3 of its levels.

You collected 91 gold pieces.

Inventory:

Hand Weapons
 i - a +0 whip (weapon)
Armour
 g - a +0 ring mail (worn)
Jewellery
 j - a ring of flight (left hand)
Wands
 c - a wand of random effects (25/48)
Scrolls
 a - 2 scrolls of blinking
 b - a scroll of fear
 k - a scroll of teleportation {unknown}
Potions
 d - 3 potions of lignification
 e - a potion of curing
Comestibles
 f - 2 bread rations
 h - a meat ration
 l - a beef jerky


   Skills:
 - Level 3.2 Fighting
 + Level 4.0 Maces & Flails
 - Level 2.8 Armour
 - Level 1.1 Stealth
   Level 2.1 Shields
 - Level 3.0 Unarmed Combat


You had 4 spell levels left.
You didn't know any spells.

Dungeon Overview and Level Annotations

Branches:
Dungeon (3/15)

Altars:
Elyvilon
Gozag
Vehumet
Xom

Annotations:
D:3 Sigmund


Innate Abilities, Weirdness & Mutations

You are resistant to torment.
Your stone body is resilient (AC +4).
You are immune to poison.
You resist negative energy.
You are resistant to electric shocks.
You can survive without breathing.
You are immune to petrification.
You are immune to rotting.


Message History

Sigmund is moderately wounded.
Sigmund gestures at you while chanting. The magic dart hits you!
You closely miss Sigmund.
Sigmund is moderately wounded.
Sigmund misses you.
You hit Sigmund.
Sigmund is moderately wounded.
You barely miss Sigmund.
Sigmund is moderately wounded.
Sigmund gestures at you while chanting.
You are confused.
You hit Sigmund.
Sigmund is heavily wounded.
Sigmund hits you with a scythe!
* * * LOW HITPOINT WARNING * * *
You hit Sigmund but do no damage.
Sigmund is heavily wounded.
Sigmund hits you with a scythe.
You die...

+
#.......############.#...#
#. .########(### #...###
#. ............# ##### ##
.....)...##.#######
###..##.......)...#
......#...........#
...#..#...........#
...+..'........!..#####
...####........@@..$.(#
...# ##########......#
...# #......# ...#
#......# ...# #......#
...# ########


You could see Sigmund.

Vanquished Creatures
  An orc wizard (D:3)
  4 adders (D:2)
  An ooze (D:3)
  2 dart slugs (D:2)
  2 giant geckos
  3 orcs (D:3)
  A giant cockroach (D:1)
  8 goblins
  9 hobgoblins
  2 jackals (D:2)
  A quokka (D:3)
  8 bats
  5 giant newts
  6 kobolds
  9 rats
62 creatures vanquished.

Notes
Turn   | Place    | Note
--------------------------------------------------------------
     0 | D:1      | IcyTea the Gargoyle Wanderer began the quest for the Orb.
     0 | D:1      | IcyTea set off with: a scroll of blinking, a scroll of fear, a +0 falchion, a potion of lignification, a +0 robe, a bread ration
     0 | D:1      | Reached XP level 1. HP: 14/14 MP: 1/1
     1 | D:1      | Upgraded the game from 0.18.1-2-ga659475 to 0.18.1-5-g4a78601
   276 | D:1      | Reached XP level 2. HP: 17/19 MP: 2/2
   708 | D:1      | Reached XP level 3. HP: 23/23 MP: 3/3
   839 | D:1      | Reached skill level 1 in Maces & Flails
   943 | D:2      | Found an opulent altar of Gozag.
  1087 | D:2      | Found a shimmering altar of Xom.
  1109 | D:2      | Reached skill level 2 in Maces & Flails
  1486 | D:2      | Reached XP level 4. HP: 18/28 MP: 4/4
  1612 | D:2      | Reached skill level 3 in Maces & Flails
  2039 | D:3      | Found a radiant altar of Vehumet.
  2039 | D:3      | Found a white marble altar of Elyvilon.
  2087 | D:3      | Reached XP level 5. HP: 29/32 MP: 5/5
  2127 | D:3      | Reached skill level 4 in Maces & Flails
  2145 | D:3      | Noticed Sigmund
  2164 | D:3      | Slain by Sigmund

Skill      XL: |  1  2  3  4  5 |
---------------+----------------+-----
Armour         | 2 |  2.8
Maces & Flails | 2 3 4 |  4.0
Fighting       | |  3.2
Stealth        | |  1.1
Shields        | |  2.1
Unarmed Combat | |  3.0

Action                   |  1- 3 |  4- 6 || total
-------------------------+-------+-------++-------
Melee: Falchion          |    59 |       ||    59
       Punch             |     2 |       ||     2
       Club              |   108 |   136 ||   244
       Whip              |       |    18 ||    18
  Use: Scroll            |     3 |     1 ||     4
       Potion            |     1 |       ||     1
  Eat: Chunk             |     1 |     4 ||     5
Armor: Ring mail         |    96 |    84 ||   180
Dodge: Dodged            |   123 |    82 ||   205
